Selects Airborne Battlegroup
Selects Airborne Battlegroup
Selects Heavy Machine Gun Paradrop
Heavy Machine Gun Paradrop
Heavy Machine Gun Paradrop
Selects Paratrooper Squad Paradrop
Paratrooper Squad Paradrop
Selects Anti-tank Gun Team Paradrop
Anti-tank Gun Team Paradrop
Construct Medical Station
Paratrooper Squad Paradrop
M18 Hellcat Tank Destroyer
Paratrooper Squad Paradrop
M18 Hellcat Tank Destroyer
Selects Carpet Bombing Run
M18 Hellcat Tank Destroyer
Paratrooper Squad Paradrop
M18 Hellcat Tank Destroyer